 Dungeon Crawl Stone Soup version 0.28.0-45-g0d030f2227 (webtiles) character file.

Game seed: 16856993072891278055

28 101zpm the Vexing (level 3, -3/31 HPs)
             Began as a Gnoll Wanderer on Apr 21, 2022.
             Slain by a hobgoblin (4 damage)
             ... on level 1 of the Dungeon.
             The game lasted 00:01:17 (740 turns).

101zpm the Vexing (Gnoll Wanderer)                   Turns: 740, Time: 00:01:18

Health: -3/31      AC:  2    Str: 12    XL:     3   Next: 14%
Magic:  7/7        EV: 12    Int: 16    God:
Gold:   34         SH:  0    Dex:  7    Spells: 6/7 levels left

rFire   . . .      SeeInvis .   a - +0 hand axe
rCold   . . .      Faith    .   (no shield)
rNeg    . . .      Spirit   .   c - +0 robe
rPois   .          Reflect  .   (no helmet)
rElec   .          Harm     .   (no cloak)
rCorr   .          Rampage  .   (no gloves)
Will    .....                   (no boots)
Stlth   +.........              (no amulet)
HPRegen 0.10/turn               (no ring)
MPRegen 0.10/turn               (no ring)

@: no status effects
A: fangs 1, strong nose, distributed training
a: no special abilities


You were on level 1 of the Dungeon.
You visited 1 branch of the dungeon, and saw 1 of its levels.

You collected 34 gold pieces.

Inventory:

Hand Weapons
 a - a +0 hand axe (weapon)
Armour
 c - a +0 robe (worn)
Jewellery
 i - a ring of resist corrosion
Scrolls
 d - a scroll of fog {unknown}
 f - a scroll of teleportation {unknown}
Potions
 e - 3 potions of heal wounds {unknown}
 g - a potion of attraction {unknown}
 h - a potion of cancellation {unknown}
Miscellaneous
 b - a piece from Xom's chessboard (15/15)


   Skills:
 + Level 4.5 Fighting
 + Level 0.6 Short Blades
 + Level 0.6 Long Blades
 + Level 2.5 Axes
 + Level 0.6 Maces & Flails
 + Level 0.6 Polearms
 + Level 0.6 Staves
 + Level 0.6 Slings
 + Level 0.6 Bows
 + Level 0.6 Crossbows
 + Level 0.6 Throwing
 + Level 0.6 Armour
 + Level 4.5 Dodging
 + Level 0.6 Stealth
 + Level 0.6 Shields
 + Level 0.6 Unarmed Combat
 + Level 2.8 Spellcasting
 + Level 0.4 Conjurations
 + Level 5.4 Hexes
 + Level 0.4 Summonings
 + Level 0.4 Necromancy
 + Level 0.4 Translocations
 + Level 0.4 Transmutations
 + Level 0.4 Fire Magic
 + Level 0.4 Ice Magic
 + Level 0.4 Air Magic
 + Level 0.4 Earth Magic
 + Level 0.4 Poison Magic
 + Level 0.8 Invocations
 + Level 2.5 Evocations


You had 6 spell levels left.
You knew the following spells:

 Your Spells              Type           Power      Damage    Failure   Level
a - Slow                  Hex            76%        N/A       1%          1

Your spell library contained the following spells:

 Spells                   Type           Power      Damage    Failure   Level
 Tukima's Dance           Hex            19%        N/A       6%          3
 Dazzling Flash           Conj/Hex       22%        N/A       17%         3


Dungeon Overview and Level Annotations

Branches:
Dungeon (1/15)

Altars:

Shops:
D:1 [([:


Innate Abilities, Weirdness & Mutations

You have very sharp teeth.
Your uncanny sense of smell can sniff out nearby items.
Your experience applies equally to all skills.


Message History

* * * LOW HITPOINT WARNING * * *
You hit the jackal.
You kill the jackal!
You hit the hobgoblin but do no damage.
The hobgoblin is severely wounded.
The hobgoblin misses you.
You hit the hobgoblin.
You kill the hobgoblin!
The jackal barely misses you.
You miss the jackal. You bite the jackal, but do no damage.
The jackal bites you.
* * * LOW HITPOINT WARNING * * *
The jackal bites you.
* * * LOW HITPOINT WARNING * * *
You closely miss the jackal. The jackal barely misses you.
You barely miss the jackal. The jackal barely misses you. x2
You hit the jackal but do no damage. The jackal closely misses you. x2
You hit the jackal. Your punch misses the jackal.
The jackal is heavily wounded.
The jackal bites you.
* * * LOW HITPOINT WARNING * * *
You closely miss the jackal.
The jackal is heavily wounded.
The jackal bites you.
* * * LOW HITPOINT WARNING * * *
The jackal bites you.
* * * LOW HITPOINT WARNING * * *
You closely miss the jackal.
The jackal is heavily wounded.
The jackal bites you.
* * * LOW HITPOINT WARNING * * *
The jackal bites you.
* * * LOW HITPOINT WARNING * * *
You hit the jackal.
You kill the jackal!
You slash the ball python!
You kill the ball python!
You closely miss the hobgoblin. Your bite misses the hobgoblin.
The hobgoblin hits you.
You die...

#.......... #.####.##.#
#.# #.##.# ##.## #.##..
#######...# #_#### #
..........# #.#... #.
#######...###.#.## #.
############.##.#.# #.
#.g@..........#.#.#
...#..#)##########.##.#.#
#...).# #.##.#.##
...#.##.# #.##..... # #.#
#.####.## ∆ #.# #.# #.##
∆ #.# #.# #.## ..#
...###..# ### #.......∩.


You could see a hobgoblin.

Vanquished Creatures
  2 endoplasms (D:1)
  A giant cockroach (D:1)
  2 goblins (D:1)
  6 hobgoblins (D:1)
  3 jackals (D:1)
  2 quokkas (D:1)
  A ball python (D:1)
  2 bats (D:1)
  2 kobolds (D:1)
  3 rats (D:1)
24 creatures vanquished.

Notes
Turn   | Place    | Note
-------+----------+-------------------------------------------
     0 | D:1      | 101zpm the Gnoll Wanderer began the quest for the Orb.
     0 | D:1      | 101zpm set off with the following items: a +0 hand axe, a
                  | piece from Xom's chessboard (15/15), a +0 robe; and the
                  | following spell memorised: Slow; and the following spells
                  | available to memorise: Tukima's Dance, Dazzling Flash
     0 | D:1      | Reached XP level 1. HP: 20/20 MP: 4/4
   123 | D:1      | Found Xowkor's Weapon Boutique.
   127 | D:1      | Reached XP level 2. HP: 16/26 MP: 5/5
   494 | D:1      | Found Gezow's Book Boutique.
   523 | D:1      | Found Tarofail's Armour Shop.
   574 | D:1      | Found Sozot's Antique Armour Shoppe.
   664 | D:1      | Found a faded altar of an unknown god.
   718 | D:1      | Reached XP level 3. HP: 24/31 MP: 7/7
   737 | D:1      | HP: 1/31 [jackal (1)]
   740 | D:1      | Slain by a hobgoblin

Illustrated notes

Levels and vault maps discovered:
D:1:      minmay_arrival_arboretum_small, layout_loops_ring,
          basic_ecumenical_altar, serial_shops, shop, shop,
          nicolae_shop_bloodbath_and_beyond, shop, minmay_ruptured

Action                   || total
-------------------------++-------
Melee: Hand axe          ||    72
       Bite              ||     5
       Punch             ||     1
Armor: Robe              ||    15
Dodge: Dodged            ||    50
